[Event "Titled Tuesday Blitz March 22 Early 2022"]
[White "Stepanencu, Nicodim-Cosmin"]
[Black "Kozak, Adam"]
[WhiteFideId "1256220"]
[BlackFideId "753246"]
[WhiteElo "1913"]
[BlackElo "2459"]
[Result "1-0"]
[Round "02"]
[TimeControl "180+1"]
[Date "2022.03.22"]
[WhiteClock "0:00:10"]
[BlackClock "0:00:45"]

1. b3 Nf6 2. Bb2 g6 3. Nf3 Bg7 4. g3 O-O 5. Bg2 d5 6. O-O c5 7. c4 d4 8. e3 Nc6 9. exd4 cxd4 10. Na3 e5 11. d3 Re8 12. Re1 Bg4 13. h3 Bf5 14. g4 Nxg4 15. hxg4 Bxg4 16. Qd2 h5 17. Nh2 Qh4 18. Nb5 e4 19. dxe4 Rac8 20. Nxg4 hxg4 21. Nd6 Be5 22. Nxc8 Rxc8 23. Rad1 Kg7 24. b4 Qh2+ 25. Kf1 g3 26. f4 Bf6 27. b5 Nd8 28. Bxd4 Ne6 29. Bxf6+ Kxf6 30. Qc3+ Ke7 31. f5 Ng5 32. Qe5+ Kf8 33. Rd7 Nf3 34. Qe7+ Kg7 35. Qxf7+ Kh8 36. Qg7# 1-0


[Site "https://www.chess.com"]

[Event "Titled Tuesday Blitz March 22 Early 2022"]
[White "Stevens, Christian"]
[Black "Bachmann, Axel"]
[WhiteFideId "2604450"]
[BlackFideId "3700488"]
[WhiteElo "2446"]
[BlackElo "2587"]
[Result "1-0"]
[Round "02"]
[TimeControl "180+1"]
[Date "2022.03.22"]
[WhiteClock "0:00:15"]
[BlackClock "0:00:01"]

1. e4 c5 2. Nf3 d6 3. d4 cxd4 4. Nxd4 Nf6 5. f3 e5 6. Nb3 d5 7. Bg5 d4 8. c3 Nc6 9. Bb5 Be7 10. cxd4 exd4 11. Qxd4 O-O 12. Qxd8 Rxd8 13. Bxc6 bxc6 14. Nc3 a5 15. e5 Re8 16. O-O-O Nd7 17. Bxe7 Rxe7 18. f4 g6 19. Ne4 Kg7 20. Nbc5 Nxc5 21. Nxc5 a4 22. Rd8 a3 23. b4 Rc7 24. Kd2 Rb8 25. Kc3 Rb5 26. Rhd1 Bf5 27. Re8 Rc8 28. Rxc8 Bxc8 29. Rd8 Bf5 30. Ra8 h5 31. Rxa3 Rb8 32. Ra7 Rd8 33. e6 Re8 34. Rxf7+ Kh6 35. e7 1-0


[Site "https://www.chess.com"]

[Event "Titled Tuesday Blitz March 22 Early 2022"]
[White "Suarez Uriel, Adrian"]
[Black "Kobalia, Mikhail"]
[WhiteFideId "22230874"]
[BlackFideId "4119150"]
[WhiteElo "2316"]
[BlackElo "2667"]
[Result "0-1"]
[Round "02"]
[TimeControl "180+1"]
[Date "2022.03.22"]
[WhiteClock "0:00:14"]
[BlackClock "0:00:15"]

1. e4 c5 2. Ne2 e6 3. d4 cxd4 4. Nxd4 Nc6 5. Nc3 a6 6. Nxc6 bxc6 7. Bd3 d5 8. O-O Nf6 9. Re1 Be7 10. b3 O-O 11. Bb2 a5 12. Na4 Ba6 13. e5 Nd7 14. c4 Nb6 15. Nxb6 Qxb6 16. Qh5 g6 17. Qg4 a4 18. Bd4 c5 19. Be3 axb3 20. axb3 Qxb3 21. Rad1 Bxc4 22. Bxc4 Qxc4 23. Qxc4 dxc4 24. Rd7 Rfe8 25. Rc1 Ra4 26. Rc7 Bf8 27. Bxc5 Bxc5 28. Rxc5 Rd8 29. h4 Rd4 30. g3 Kg7 31. Rc2 h6 32. Kg2 g5 33. hxg5 hxg5 34. Kf3 Kg6 35. Ke3 Rd5 36. R5xc4 Rxe5+ 37. Kf3 Ra3+ 38. R4c3 Ra1 39. Kg2 g4 40. Rc1 Rxc1 41. Rxc1 Re2 42. Rc4 f5 43. Kf1 Ra2 44. Rc5 Kf6 45. Rb5 Ke7 46. Rb7+ Kd6 47. Rb6+ Kd5 48. Rb5+ Ke4 49. Rb4+ Ke5 50. Rb5+ Kf6 51. Rb6 Rc2 52. Ra6 Ke5 53. Rb6 Kd5 54. Ra6 e5 55. Ra5+ Kd4 56. Ra4+ Rc4 57. Ra5 Ke4 58. Kg2 Rd4 59. Rb5 Rd5 60. Rb4+ Kd3 61. Rb3+ Ke2 62. Rb2+ Kd3 63. Rb3+ Ke4 64. Rb4+ Rd4 65. Rb5 Ra4 66. Rb3 Kd4 67. Kf1 Kc4 68. Rb8 Kd3 69. Rb3+ Ke4 70. Re3+ Kd4 71. Rb3 f4 72. gxf4 exf4 73. Kg2 Ra1 74. Rb4+ Ke5 75. Rb5+ Ke4 76. Rb4+ Kf5 77. Rb5+ Kf6 78. Rc5 Ra2 79. Kf1 f3 80. Kg1 Kg6 81. Rb5 Re2 82. Rc5 Kf6 83. Rb5 Re5 84. Rb8 Kf5 85. Rf8+ Ke4 86. Kh2 Kd3 87. Kg3 Ke2 88. Kxg4 Re7 89. Rxf3 Rg7+ 90. Kf4 Rf7+ 91. Ke4 Rxf3 0-1


[Site "https://www.chess.com"]

[Event "Titled Tuesday Blitz March 22 Early 2022"]
[White "Svidler, Peter"]
[Black "Ciolacu, Alessia-Mihaela"]
[WhiteFideId "4102142"]
[BlackFideId "1252640"]
[WhiteElo "2725"]
[BlackElo "1777"]
[Result "1/2-1/2"]
[Round "02"]
[TimeControl "180+1"]
[Date "2022.03.22"]
[WhiteClock "0:00:13"]
[BlackClock "0:00:36"]

1. e4 e5 2. Nf3 Nc6 3. Bb5 Nf6 4. d4 exd4 5. e5 Ne4 6. O-O Be7 7. b4 d5 8. Nxd4 Bd7 9. Bxc6 bxc6 10. f3 Ng5 11. Bxg5 Bxg5 12. f4 Be7 13. f5 O-O 14. Qh5 c5 15. bxc5 Bxc5 16. c3 g6 17. Qh6 Re8 18. fxg6 fxg6 19. Rf7 Kxf7 20. Qxh7+ Kf8 21. Nd2 Bxd4+ 22. cxd4 Bf5 23. Rf1 Qg5 24. Nf3 Qh5 25. Qxh5 g5 1/2-1/2


[Site "https://www.chess.com"]

[Event "Titled Tuesday Blitz March 22 Early 2022"]
[White "Sztokbant, Bernardo Vainzoff"]
[Black "Abarca Gonzalez, Nicolas"]
[WhiteFideId "2115956"]
[BlackFideId "3409422"]
[WhiteElo "2237"]
[BlackElo "2504"]
[Result "0-1"]
[Round "02"]
[TimeControl "180+1"]
[Date "2022.03.22"]
[WhiteClock "0:00:01"]
[BlackClock "0:00:13"]

1. e4 c5 2. Nf3 d6 3. d4 cxd4 4. Qxd4 a6 5. Nc3 Nc6 6. Qe3 Nf6 7. Bc4 g6 8. O-O Bg7 9. Rd1 O-O 10. h3 Nd7 11. Bd2 b5 12. Bb3 Bb7 13. Rab1 Rc8 14. Nd5 Nce5 15. Nxe5 Nxe5 16. Bc3 a5 17. a3 a4 18. Ba2 e6 19. Nf4 Nc4 20. Bxc4 Rxc4 21. Bxg7 Kxg7 22. f3 Rxc2 23. Qd3 Qb6+ 24. Kh1 Rfc8 25. Qxd6 Qxd6 26. Rxd6 g5 27. Nxe6+ fxe6 28. Rd7+ Kf6 29. Rxb7 R8c5 30. Rxh7 Rf2 31. Rb7 Rcc2 32. Rg1 Rxb2 33. Kh2 Rxf3 34. Rxb5 Rxb5 35. gxf3 Rb3 36. Ra1 Rxf3 37. Kg2 Rb3 38. Ra2 Ke5 39. Re2 Rxa3 40. Rf2 Kxe4 41. Re2+ Re3 42. Rb2 a3 43. Rb4+ Kf5 44. Ra4 e5 45. Ra5 Kf4 46. Ra8 Re2+ 47. Kf1 Ra2 48. Kg1 Kg3 49. Kf1 Kxh3 50. Ra4 g4 51. Ra8 Kg3 52. Ra4 Kf3 0-1


[Site "https://www.chess.com"]

[Event "Titled Tuesday Blitz March 22 Early 2022"]
[White "Tari, Aryan"]
[Black "Sargsyan, Anna M."]
[WhiteFideId "1510045"]
[BlackFideId "13308130"]
[WhiteElo "2567"]
[BlackElo "2271"]
[Result "0-1"]
[Round "02"]
[TimeControl "180+1"]
[Date "2022.03.22"]
[WhiteClock "0:00:01"]
[BlackClock "0:00:10"]

1. c4 c6 2. Nf3 d5 3. e3 Nf6 4. d4 Bg4 5. Qb3 Qb6 6. Ne5 Bh5 7. cxd5 Qxb3 8. axb3 Nxd5 9. g4 Bg6 10. Nxg6 hxg6 11. Bg2 Nd7 12. Nc3 Nb4 13. Ke2 e5 14. d5 Nc5 15. dxc6 bxc6 16. Na2 Nd5 17. Nc3 Nb4 18. Na2 Nd5 19. b4 Nb3 20. Rb1 Rb8 21. h3 Bxb4 22. Rd1 Ke7 23. Bxd5 cxd5 24. Rxd5 Bd6 25. Bd2 Rxh3 26. Nc3 Ke6 27. Rd1 Be7 28. Be1 f5 29. gxf5+ gxf5 30. Rd7 Nc5 31. Rc7 Rxb2+ 32. Kf1 Rb7 33. Rc6+ Kf7 34. Nd5 Bf8 35. Kg2 Rh6 36. Rxh6 gxh6 37. Bc3 Ke6 38. Nb4 Ne4 39. Na2 Rg7+ 40. Kf3 Bd6 41. Bb4 Rc7 42. Bxd6 Nxd6 43. Rh1 Nf7 44. Nb4 a5 45. Na2 Rc2 46. Ra1 e4+ 47. Kg2 Ne5 48. Nc1 Ng4 49. Ra2 Rxa2 50. Nxa2 Kd5 51. Kg3 Kc4 52. Nc1 a4 53. Kf4 a3 54. Kxf5 Nxf2 55. Kg6 Kc3 56. Na2+ Kb3 0-1


[Site "https://www.chess.com"]

[Event "Titled Tuesday Blitz March 22 Early 2022"]
[White "Tomb, Maroun"]
[Black "Johnson, Ben"]
[WhiteFideId "5300398"]
[BlackFideId "2010917"]
[WhiteElo "2495"]
[BlackElo "2206"]
[Result "1/2-1/2"]
[Round "02"]
[TimeControl "180+1"]
[Date "2022.03.22"]
[WhiteClock "0:00:23"]
[BlackClock "0:00:05"]

1. e4 c5 2. Ne2 Nc6 3. Nbc3 g6 4. d4 cxd4 5. Nxd4 Bg7 6. Nde2 Nf6 7. g3 d6 8. Bg2 O-O 9. O-O a6 10. a4 Rb8 11. Nd5 Nxd5 12. exd5 Ne5 13. Nd4 a5 14. h3 Qc7 15. Ra2 Bd7 16. b3 Be8 17. c4 Nd7 18. Re2 Nc5 19. Bb2 Rd8 20. Rfe1 Rd7 21. h4 Bf6 22. Bh3 Rd8 23. h5 Bd7 24. Bg2 Bg4 25. f3 Bc8 26. Qd2 Qb6 27. Qe3 Rfe8 28. Kh2 Nd7 29. Nb5 Qxe3 30. Rxe3 Bxb2 31. Nxd6 Rf8 32. Rxe7 Nc5 33. Rc7 Bf6 34. Nxf7 Rxf7 35. Rxc5 gxh5 36. Rxa5 h4 37. Rb5 hxg3+ 38. Kxg3 Rg7+ 39. Kh2 Bh4 40. Re4 Bg3+ 41. Kg1 Bf5 42. Re2 Bf4 43. Kh1 Bd3 44. Re6 Rf8 45. Bh3 Bf5 46. Bxf5 Rxf5 47. Re8+ Rf8 48. Rxf8+ Kxf8 49. a5 Ke8 50. Rb6 Kd8 51. a6 bxa6 52. Rxa6 Rb7 53. Rf6 Be5 54. Rf8+ Ke7 55. Rf5 Kd6 56. Rh5 Rxb3 57. Rxh7 Rxf3 58. Rh4 Kc5 59. Kg2 Rc3 60. Re4 Bd6 61. Kf2 Rxc4 62. Rxc4+ Kxc4 63. Ke2 Kxd5 1/2-1/2


[Site "https://www.chess.com"]

[Event "Titled Tuesday Blitz March 22 Early 2022"]
[White "Topalov, Aleksandar"]
[Black "Akobian, Varuzhan"]
[WhiteFideId "925659"]
[BlackFideId "13300580"]
[WhiteElo "2158"]
[BlackElo "2634"]
[Result "0-1"]
[Round "02"]
[TimeControl "180+1"]
[Date "2022.03.22"]
[WhiteClock "0:00:02"]
[BlackClock "0:01:29"]

1. b3 d5 2. Bb2 Bg4 3. f3 Bf5 4. d4 e6 5. e3 h6 6. Bd3 Bxd3 7. cxd3 Nf6 8. f4 c5 9. Nf3 Nc6 10. O-O cxd4 11. Nxd4 Bc5 12. Nc2 Qb6 13. d4 Be7 14. Nd2 O-O 15. Nf3 Ne4 16. Nd2 Nf6 17. Qe2 Rac8 18. Rfc1 Rc7 19. Ne1 Rfc8 20. Nd3 Nb4 21. Nxb4 Bxb4 22. Nf3 Ne4 23. Rxc7 Qxc7 24. Ne1 Bxe1 25. Qxe1 b6 26. Rc1 Qb7 27. Ba3 Rxc1 28. Qxc1 Qa6 29. g3 Qe2 30. Qb2 Nd2 0-1


[Site "https://www.chess.com"]

[Event "Titled Tuesday Blitz March 22 Early 2022"]
[White "Tristan, Leonardo"]
[Black "Aaditya Dhingra"]
[WhiteFideId "113816"]
[BlackFideId "25678191"]
[WhiteElo "2404"]
[BlackElo "1849"]
[Result "0-1"]
[Round "02"]
[TimeControl "180+1"]
[Date "2022.03.22"]
[WhiteClock "0:01:17"]
[BlackClock "0:01:27"]

1. d4 Nf6 2. Nf3 e6 3. Bf4 c5 4. c3 Nc6 5. e3 d6 6. h3 Be7 7. Nbd2 O-O 8. Bh2 b6 9. Bd3 Bb7 10. a3 e5 11. dxe5 Nxe5 12. Be2 Qc7 13. O-O Rfe8 14. Qc2 Rad8 15. Rad1 Bf8 16. a4 a6 17. Nxe5 dxe5 18. Bf3 Bxf3 19. Nxf3 Bd6 20. e4 c4 21. Qe2 Qc6 22. Rd2 Nxe4 23. Nxe5 Nxd2 24. Nxc6 Bxh2+ 25. Kxh2 Rxe2 26. Rd1 Nf3+ 27. gxf3 Rxd1 28. Kg3 g5 29. Ne7+ Rxe7 0-1


[Site "https://www.chess.com"]

[Event "Titled Tuesday Blitz March 22 Early 2022"]
[White "Vibbert, Sean"]
[Black "Heinemann, Josefine"]
[WhiteFideId "2030292"]
[BlackFideId "12900460"]
[WhiteElo "2212"]
[BlackElo "2300"]
[Result "0-1"]
[Round "02"]
[TimeControl "180+1"]
[Date "2022.03.22"]
[WhiteClock "0:00:58"]
[BlackClock "0:00:10"]

1. Nf3 d5 2. b3 c5 3. e3 Nf6 4. Bb2 e6 5. Bb5+ Bd7 6. Bxd7+ Nbxd7 7. O-O Bd6 8. d3 O-O 9. Nbd2 Qc7 10. e4 Ne5 11. Nxe5 Bxe5 12. Bxe5 Qxe5 13. Re1 b6 14. exd5 Qxd5 15. Qf3 Qxf3 16. Nxf3 Nd5 17. Re4 Nb4 18. Ne1 Rfd8 19. a3 Nd5 20. Nf3 Nc3 21. Re5 Rd6 22. Kf1 Rad8 23. Ke1 h6 24. Kd2 Nd5 25. g3 Nf6 26. h3 Kf8 27. Rae1 Rd5 28. Rxd5 Rxd5 29. Kc3 Rf5 30. Ne5 Rxf2 31. Nc6 Nd5+ 32. Kb2 Rg2 33. g4 a5 34. d4 cxd4 35. Nxd4 g6 36. Rf1 Kg7 37. Rf3 e5 38. Nc6 e4 39. Rf1 e3 40. Re1 e2 41. Nd4 Nf4 42. Kc1 Rh2 43. Kd2 Rxh3 44. b4 axb4 45. axb4 h5 46. gxh5 gxh5 47. c4 Rd3+ 48. Kc2 Rxd4 49. c5 bxc5 50. bxc5 Rc4+ 51. Kd2 Rxc5 52. Ke3 Rf5 53. Ke4 Rf6 54. Rg1+ Rg6 55. Re1 Rg4 56. Kf3 Kg6 57. Ra1 f6 58. Kf2 Rg2+ 59. Kf3 Rg4 60. Kf2 h4 61. Ra8 h3 62. Rg8+ Kf5 63. Re8 Rg2+ 64. Kf3 Rg1 65. Ra8 e1=N+ 66. Kf2 Rg2+ 67. Kf1 h2 68. Ra5+ Kg4 69. Rg5+ fxg5 70. Kxe1 h1=Q# 0-1


[Site "https://www.chess.com"]

[Event "Titled Tuesday Blitz March 22 Early 2022"]
[White "Vishnu, Prasanna. V"]
[Black "Sarana, Alexey"]
[WhiteFideId "5030692"]
[BlackFideId "24133795"]
[WhiteElo "2510"]
[BlackElo "2666"]
[Result "0-1"]
[Round "02"]
[TimeControl "180+1"]
[Date "2022.03.22"]
[WhiteClock "0:00:13"]
[BlackClock "0:01:14"]

1. d4 Nf6 2. c4 e6 3. Nf3 d5 4. g3 Bb4+ 5. Bd2 Be7 6. Bg2 c6 7. O-O Nbd7 8. Qc2 b6 9. a4 a5 10. cxd5 cxd5 11. Nc3 Ba6 12. Nb5 Rc8 13. Qb3 Ne4 14. Bf4 O-O 15. Rfc1 Bxb5 16. axb5 Bd6 17. Rc6 Bxf4 18. gxf4 Nb8 19. Rcc1 Nd6 20. Ne5 Qe8 21. Rxc8 Qxc8 22. e3 f6 23. Bxd5 exd5 24. Qxd5+ Nf7 25. Nc6 Re8 26. Kh1 Qd7 27. Qg2 Qf5 28. Rg1 g6 29. d5 Nd7 30. Re1 Nc5 31. f3 Qxf4 0-1


[Site "https://www.chess.com"]

[Event "Titled Tuesday Blitz March 22 Early 2022"]
[White "Vogel, Roven"]
[Black "Deac, Bogdan-Daniel"]
[WhiteFideId "12908088"]
[BlackFideId "1226380"]
[WhiteElo "2516"]
[BlackElo "2646"]
[Result "1-0"]
[Round "02"]
[TimeControl "180+1"]
[Date "2022.03.22"]
[WhiteClock "0:01:18"]
[BlackClock "0:00:02"]

1. d4 d5 2. c4 e6 3. Nc3 a6 4. cxd5 exd5 5. Nf3 Nf6 6. Bg5 Be6 7. e3 Nbd7 8. Bd3 Bd6 9. h3 c6 10. Bf4 Qb8 11. Qd2 O-O 12. O-O Re8 13. Ng5 Bxf4 14. exf4 Nf8 15. f5 Bd7 16. Rfe1 Qd6 17. Na4 Rxe1+ 18. Rxe1 Re8 19. Rxe8 Nxe8 20. Nf3 f6 21. a3 Qe7 22. Nc5 Bc8 23. g4 Nd6 24. Qf4 a5 25. Kg2 Nd7 26. b4 axb4 27. axb4 Nf8 28. Qe3 Kf7 29. Nd2 g6 30. fxg6+ hxg6 31. Qh6 b6 32. Na4 b5 33. Nc5 f5 34. Nf3 fxg4 35. Ne5+ Kg8 36. hxg4 Qf6 37. f3 Qg7 38. Qxg7+ Kxg7 39. Nxc6 g5 40. Na7 Be6 41. Nxb5 Nxb5 42. Bxb5 Bf7 43. Bc6 1-0


[Site "https://www.chess.com"]

[Event "Titled Tuesday Blitz March 22 Early 2022"]
[White "Voit, Daria"]
[Black "Dreev, Aleksey"]
[WhiteFideId "4182146"]
[BlackFideId "4100107"]
[WhiteElo "2323"]
[BlackElo "2625"]
[Result "1/2-1/2"]
[Round "02"]
[TimeControl "180+1"]
[Date "2022.03.22"]
[WhiteClock "0:00:16"]
[BlackClock "0:00:08"]

1. c4 c6 2. Nc3 d5 3. cxd5 cxd5 4. d4 Nf6 5. Bf4 Nc6 6. e3 e6 7. Bb5 Bd7 8. Nf3 Be7 9. O-O O-O 10. Rc1 Nh5 11. Bg3 Nxg3 12. hxg3 Qa5 13. Qa4 Qxa4 14. Nxa4 a6 15. Bxc6 Bxc6 16. Nc5 Rfc8 17. Rc3 b6 18. Nd3 Bb7 19. Rfc1 Rxc3 20. Rxc3 Rc8 21. Rxc8+ Bxc8 22. Kf1 h5 23. Ke2 Bd7 24. Kd2 g5 25. Kc3 Kg7 26. Nfe5 Bb5 27. b3 f6 28. Nf3 a5 29. a4 Ba6 30. Nd2 Kg6 31. Nb1 Bd6 32. Kc2 Kf5 33. Nc3 h4 34. gxh4 gxh4 35. Nb5 Bb8 36. Kd2 Kg4 37. Ke2 Bc8 38. Ne1 e5 39. Nc3 Be6 40. Nf3 Bd6 41. Nb5 Bb8 42. Nc3 e4 43. Ne1 f5 44. Nc2 Bd6 45. Nb5 Bb8 46. Nc3 Bf7 47. Kf1 h3 48. gxh3+ Kxh3 49. Ke2 Kg4 50. Na3 f4 51. exf4 Kxf4 52. Nc2 Bh5+ 53. Ke1 Kf3 54. Nxd5 Bf7 55. Nce3 Bd6 56. Nxb6 Bxb3 57. Kf1 Bf4 58. Nec4 e3 59. fxe3 Bxe3 60. d5 Bxb6 61. Nxb6 Ke4 62. d6 Be6 63. Ke2 Kd4 64. Kd2 Kc5 65. d7 Bxd7 66. Nxd7+ Kb4 67. Nb6 Kc5 68. Na8 Kb4 69. Nc7 Kxa4 70. Kc3 Ka3 71. Nd5 Ka2 72. Kc2 Ka3 73. Nc3 Kb4 74. Ne4 a4 75. Kb2 Kc4 76. Ka2 Kd4 77. Nd2 Kc3 78. Nb1+ Kb4 79. Na3 Kc3 80. Nb5+ Kb4 81. Nd6 Kc5 82. Ka3 Kxd6 83. Kxa4 1/2-1/2


[Site "https://www.chess.com"]

[Event "Titled Tuesday Blitz March 22 Early 2022"]
[White "Vokhidov, Shamsiddin"]
[Black "Williams, Simon K"]
[WhiteFideId "14204223"]
[BlackFideId "404454"]
[WhiteElo "2611"]
[BlackElo "2468"]
[Result "1-0"]
[Round "02"]
[TimeControl "180+1"]
[Date "2022.03.22"]
[WhiteClock "0:02:00"]
[BlackClock "0:01:05"]

1. e4 d6 2. d4 Nf6 3. Nc3 Nbd7 4. Nf3 e5 5. Bc4 Be7 6. a4 c6 7. O-O Qc7 8. b3 h6 9. Nh4 g6 10. dxe5 dxe5 11. f4 exf4 12. Bxf4 Qb6+ 13. Kh1 g5 14. e5 gxf4 15. exf6 Bxf6 16. Ne4 Bxh4 17. Nd6+ Kf8 18. Qh5 Ne5 19. Qxe5 1-0


[Site "https://www.chess.com"]

[Event "Titled Tuesday Blitz March 22 Early 2022"]
[White "Vusatiuk, Vladimir"]
[Black "Kornyukov, Alexey"]
[WhiteFideId "14118610"]
[BlackFideId "4150457"]
[WhiteElo "2157"]
[BlackElo "2303"]
[Result "1-0"]
[Round "02"]
[TimeControl "180+1"]
[Date "2022.03.22"]
[WhiteClock "0:00:08"]
[BlackClock "0:00:12"]

1. a4 e5 2. e3 d5 3. d4 exd4 4. exd4 Bd6 5. Bd3 Nf6 6. Ne2 Bg4 7. f3 Be6 8. O-O c5 9. c3 c4 10. Bc2 O-O 11. Bf4 Nc6 12. Re1 a6 13. Nd2 Bxf4 14. Nxf4 Re8 15. Nxe6 fxe6 16. f4 b5 17. axb5 axb5 18. Qf3 Qd7 19. Qh3 Kf7 20. Nf3 b4 21. Ng5+ Kg8 22. Rxa8 Rxa8 23. Bxh7+ Kf8 24. Nxe6+ Kf7 25. Ng5+ Kf8 26. Bg6 Qxh3 27. Nxh3 bxc3 28. bxc3 Ra3 29. Ng5 Rxc3 30. Ne6+ Kg8 31. Nc7 Nxd4 32. Nxd5 Rc1 33. Nxf6+ gxf6 34. Rxc1 Ne2+ 35. Kf2 Nxc1 36. Ke3 Nb3 37. Be4 Nc5 38. Bd5+ Kg7 39. Bxc4 Kg6 40. g4 Kh6 41. h4 Kg6 42. Bd3+ Kh6 43. Bf5 Kg7 44. Kd4 Nb3+ 45. Kd5 Nd2 46. h5 Nf1 47. Bd3 Ne3+ 48. Ke6 Nxg4 49. Bg6 Kh6 50. Kf5 Ne3+ 51. Kxf6 Nd5+ 52. Ke5 Ne7 53. Be8 Kg7 54. Ke6 Ng8 55. Bf7 Nf6 56. h6+ Kxh6 57. Kxf6 Kh7 58. Be6 Kh8 59. f5 Kh7 60. Ke7 Kg7 61. f6+ 1-0


[Site "https://www.chess.com"]

[Event "Titled Tuesday Blitz March 22 Early 2022"]
[White "Weetik, Vjacheslav"]
[Black "Koellner, Ruben Gideon"]
[WhiteFideId "4153472"]
[BlackFideId "12993093"]
[WhiteElo "2469"]
[BlackElo "2478"]
[Result "0-1"]
[Round "02"]
[TimeControl "180+1"]
[Date "2022.03.22"]
[WhiteClock "0:00:02"]
[BlackClock "0:00:22"]

1. e4 d6 2. d4 Nf6 3. Nc3 e5 4. Nf3 Nbd7 5. g4 d5 6. dxe5 Nxe4 7. Qxd5 Nxc3 8. bxc3 c6 9. Qd3 Qa5 10. e6 fxe6 11. Qe3 Nf6 12. Bd2 Nxg4 13. Qe2 Nf6 14. Bh3 Qd5 15. Rd1 Qe4 16. Be3 e5 17. Bg2 Bg4 18. h3 Bh5 19. O-O Bc5 20. Rfe1 Bxe3 21. Qxe3 Qxe3 22. Rxe3 e4 23. Rb1 O-O-O 24. Ng5 Rhe8 25. Nxe4 Nxe4 26. Bxe4 g6 27. Rbe1 Kc7 28. Bd3 Rxe3 29. Rxe3 Rd7 30. Kh2 Rf7 31. Kg3 Kd6 32. f4 Re7 33. Kf2 Rxe3 34. Kxe3 h6 35. h4 c5 36. Be4 b6 37. a3 Ke6 38. Bd3 Kf6 39. Ke4 Ke6 40. Ke3 Kd5 41. Be4+ Kc4 42. Kd2 Kb5 43. Bd3+ Ka4 44. Ke3 Kxa3 45. Ke4 Kb2 46. c4 a5 47. Kd5 a4 0-1


[Site "https://www.chess.com"]

[Event "Titled Tuesday Blitz March 22 Early 2022"]
[White "Willow, Jonah B"]
[Black "Tasev, Dejan"]
[WhiteFideId "438804"]
[BlackFideId "936618"]
[WhiteElo "2261"]
[BlackElo "2253"]
[Result "1-0"]
[Round "02"]
[TimeControl "180+1"]
[Date "2022.03.22"]
[WhiteClock "0:00:16"]
[BlackClock "0:00:11"]

1. e4 e5 2. Nf3 Nf6 3. Nc3 Nc6 4. Bb5 d6 5. d4 exd4 6. Nxd4 Bd7 7. Nxc6 bxc6 8. Bd3 Be7 9. O-O O-O 10. f4 Re8 11. Qf3 Bf8 12. e5 dxe5 13. fxe5 Rxe5 14. Bf4 Ra5 15. Rad1 Bd6 16. Bc4 Rb8 17. Bxd6 cxd6 18. Rxd6 Qb6+ 19. Kh1 Rf5 20. Qg3 Rxf1+ 21. Bxf1 Be6 22. b3 Re8 23. h3 Qc5 24. Rd2 h6 25. Na4 Qa3 26. Nc3 Qc5 27. Rf2 Nh5 28. Qf3 Nf6 29. Bd3 Bd5 30. Nxd5 cxd5 31. Qf5 Re1+ 32. Kh2 Qc7+ 33. g3 Re5 34. Qf4 Nh5 35. Qf3 Rg5 36. Rg2 Qe5 37. h4 Rxg3 38. Rxg3 g6 39. Kg2 Nxg3 40. Qxg3 Qe6 41. h5 g5 42. Qf3 Kg7 43. Qf5 Qd6 44. Qh7+ Kf8 45. a4 a6 46. a5 Ke7 47. Qf5 Kf8 48. Be2 Kg7 49. Bf3 d4 50. Qd5 Qf4 51. Qe4 Qd2+ 52. Qe2 Qf4 53. Bd5 g4 54. Qf2 Qc7 55. Qxd4+ Kf8 56. Bc4 Qb7+ 57. Qd5 Qc7 58. Qe4 Qc8 59. Be2 g3 60. Kxg3 Qc7+ 61. Kg2 Qxa5 62. Bc4 Qg5+ 63. Kf2 Qxh5 64. Qa8+ Kg7 65. Qg2+ Kf8 66. Qf3 Qh2+ 67. Ke3 Qe5+ 68. Kd3 Qd6+ 69. Kc3 Qe5+ 70. Kd2 Qd4+ 71. Ke2 Qd5 72. Qxd5 1-0


[Site "https://www.chess.com"]

[Event "Titled Tuesday Blitz March 22 Early 2022"]
[White "Winkels, Marcel"]
[Black "Garv Gaur"]
[WhiteFideId "1003887"]
[BlackFideId "45030839"]
[WhiteElo "1900"]
[BlackElo "1950"]
[Result "1-0"]
[Round "02"]
[TimeControl "180+1"]
[Date "2022.03.22"]
[WhiteClock "0:00:45"]
[BlackClock "0:00:02"]

1. e4 c6 2. d4 d5 3. exd5 cxd5 4. c4 Nf6 5. Nc3 g6 6. cxd5 Bg7 7. Bb5+ Nbd7 8. d6 exd6 9. Qe2+ Qe7 10. Bf4 Qxe2+ 11. Bxe2 d5 12. Bf3 Nb6 13. O-O-O O-O 14. Nge2 Be6 15. Be5 Rac8 16. Kb1 Rfd8 17. Nf4 g5 18. Nxe6 fxe6 19. Rhe1 Rc6 20. h3 Nc4 21. Bxf6 Bxf6 22. Bg4 Kf7 23. g3 Rb6 24. b3 Rdd6 25. Na4 Rb4 26. Ka1 Na3 27. Kb2 Nb5 28. a3 Bxd4+ 29. Ka2 Rxa4 30. bxa4 Nc3+ 31. Kb3 Nxd1 32. Rxd1 Bb6 33. f4 gxf4 34. Rf1 e5 35. gxf4 e4 36. Bf5 h6 37. Rd1 Kf6 38. Bxe4 d4 39. Kc4 Re6 40. Bxb7 Re3 41. Rd3 Re2 42. a5 Rc2+ 43. Kd5 1-0


[Site "https://www.chess.com"]

[Event "Titled Tuesday Blitz March 22 Early 2022"]
[White "Xu, Yi"]
[Black "Coto Mederos, Michel"]
[WhiteFideId "8605564"]
[BlackFideId "3508528"]
[WhiteElo "2471"]
[BlackElo "2427"]
[Result "1-0"]
[Round "02"]
[TimeControl "180+1"]
[Date "2022.03.22"]
[WhiteClock "0:00:05"]
[BlackClock "0:00:09"]

1. e4 g6 2. d4 Bg7 3. Nc3 c6 4. f4 d5 5. e5 h5 6. Nf3 Nh6 7. Bd3 Bg4 8. Be3 Nf5 9. Bf2 e6 10. h3 Bxf3 11. Qxf3 h4 12. O-O-O Nd7 13. Bxf5 exf5 14. Rhe1 Nf8 15. Na4 Ne6 16. Nc5 Qe7 17. Kb1 O-O-O 18. Nxe6 fxe6 19. Rd3 g5 20. fxg5 Qxg5 21. Ra3 Kb8 22. Be3 Qe7 23. Bd2 Bh6 24. Ba5 Rdg8 25. Qf2 b6 26. Rb3 Ka8 27. Bb4 Qg7 28. Rg1 Rh7 29. Qf1 Qc7 30. Bd6 Qb7 31. Ra3 Rhg7 32. c4 Rg3 33. Rxg3 Rxg3 34. cxd5 cxd5 35. Qb5 Rg8 36. Re1 a6 37. Qa4 Rc8 38. a3 Bd2 39. Re2 Bg5 40. Rc2 b5 41. Qb3 Rc4 42. Qd3 Qc6 43. Bc5 Kb7 44. b3 Rxc2 45. Qxc2 Bd8 46. Qe2 Qe8 47. Ka2 Qg6 48. a4 bxa4 49. bxa4 Qe8 50. Qb2+ Ka8 51. Ka3 Be7 52. Qb6 Bxc5+ 53. dxc5 Qc8 54. c6 Qf8+ 55. Kb3 Qc8 56. Kc3 Qb8 57. Qxa6+ Qa7 58. Qc8+ Qb8 59. Qa6+ Qa7 60. Qxa7+ Kxa7 61. a5 Ka6 62. Kd4 Ka7 63. Kc5 Ka6 64. Kd6 d4 65. c7 Kxa5 66. c8=Q Kb5 67. Qb7+ Ka4 68. Kc5 Ka3 69. Kc4 Ka2 70. Qb3+ 1-0


[Site "https://www.chess.com"]

[Event "Titled Tuesday Blitz March 22 Early 2022"]
[White "Yeletsky, Ivan"]
[Black "Nepomniachtchi, Ian"]
[WhiteFideId "24180327"]
[BlackFideId "4168119"]
[WhiteElo "2303"]
[BlackElo "2740"]
[Result "0-1"]
[Round "02"]
[TimeControl "180+1"]
[Date "2022.03.22"]
[WhiteClock "0:00:02"]
[BlackClock "0:01:17"]

1. e4 e5 2. Nf3 Nc6 3. Bc4 Nf6 4. d3 h6 5. c3 d6 6. Bb3 g5 7. Nbd2 g4 8. Ng1 d5 9. Ne2 Be6 10. O-O Qd7 11. exd5 Nxd5 12. d4 exd4 13. Ne4 O-O-O 14. Nxd4 h5 15. Nxe6 fxe6 16. Qe2 Kb8 17. Bg5 Be7 18. Rad1 Rhg8 19. Bc1 Qe8 20. Ng3 h4 21. Qxe6 Rg6 22. Qe4 Nf6 23. Rxd8+ Nxd8 24. Ba4 Qf7 25. Bb3 Qg7 26. Qd3 hxg3 27. fxg3 Ne8 28. Bf4 Bd6 29. Bc2 Rf6 30. Qe4 Qf8 31. Re1 Bxf4 32. Qxe8 Bd6 33. Qxf8 Rxf8 34. b4 a5 35. a3 axb4 36. axb4 c5 37. Re4 cxb4 38. cxb4 Nc6 39. Rxg4 Nxb4 0-1


[Site "https://www.chess.com"]

[Event "Titled Tuesday Blitz March 22 Early 2022"]
[White "volunteers1998"]
[Black "Ferreira, Vitor Hugo Vieira"]
[BlackFideId "2119765"]
[WhiteElo "2236"]
[BlackElo "2165"]
[Result "1-0"]
[Round "02"]
[TimeControl "180+1"]
[Date "2022.03.22"]
[WhiteClock "0:01:11"]
[BlackClock "0:02:03"]

1. e4 c5 2. Nf3 d6 3. d4 cxd4 4. Nxd4 Nf6 5. Nc3 a6 6. h3 e5 7. Nde2 h5 8. g3 Be6 9. Bg2 Nbd7 10. Be3 Qc7 11. O-O Rc8 12. a4 Be7 13. Qd2 O-O 14. Rad1 Nb6 15. b3 Rfd8 16. f4 exf4 17. gxf4 d5 18. e5 Ne4 19. Nxe4 dxe4 20. Nd4 Bd5 21. Qf2 Nd7 22. Nf5 Nf8 23. Bb6 Qxb6 24. Nxe7+ Kh7 25. Qxb6 1-0


[Site "https://www.chess.com"]